 Dungeon Crawl Stone Soup version 0.24-a0-693-g39a19ac0f1 (webtiles) character file.

Game seed: 14370216647015797319, levelgen mode: deterministic

161 Erlindor the Skirmisher (level 5, -3/43 HPs)
             Began as a Demonspawn Abyssal Knight on Sept 28, 2019.
             Was a Follower of Lugonu.
             Killed by divine providence
             ... invoked by an orc priest
              (14 damage)
             ... on level 4 of the Dungeon.
             The game lasted 00:07:16 (2511 turns).

Erlindor the Skirmisher (Demonspawn Abyssal Knight) Turns: 2511, Time: 00:07:17

Health: -3/43      AC: 10    Str: 13    XL:     5   Next: 19%
Magic:  8/8        EV:  6    Int: 14    God:    Lugonu [*.....]
Gold:   128        SH:  0    Dex: 12    Spells: 4/4 levels left

rFire    . . .     SeeInvis .   a - +1 spear
rCold    . . .     Gourm    .   (no shield)
rNeg     . . .     Faith    .   w - +0 chain mail
rPois    .         Spirit   .   (no helmet)
rElec    .         Reflect  .   m - +0 cloak (curse)
rCorr    .         Harm     .   q - +0 pair of gloves
MR       .....                  (no boots)
Stlth    ..........             (no amulet)
HPRegen  0.14/turn              (no ring)
MPRegen  0.11/turn              (no ring)

@: confused
A: hooves 2, demonic guardian 1, powered by death 1
a: Depart the Abyss, Renounce Religion


You were on level 4 of the Dungeon.
You worshipped Lugonu.
Lugonu was aware of your devotion.
You were very hungry.

You visited 1 branch of the dungeon, and saw 4 of its levels.
You visited the Abyss 1 time.

You collected 128 gold pieces.

Inventory:

Hand Weapons
 a - a +1 spear (weapon)
Missiles
 e - 139 stones (quivered)
 p - a throwing net
Armour
 m - a cursed +0 cloak (worn)
 q - a +0 pair of gloves (worn)
 w - a +0 chain mail (worn)
Jewellery
 k - an uncursed amulet of faith {unknown}
 u - an uncursed ring of stealth {unknown}
Scrolls
 d - a scroll of fear {unknown}
 f - 2 scrolls of fog {unknown}
 g - a scroll of random uselessness {unknown}
 h - a scroll of immolation {unknown}
 i - 3 scrolls of remove curse {unknown}
 n - a scroll of noise {unknown}
 o - 2 scrolls of teleportation {unknown}
 s - 3 scrolls of identify {unknown}
Potions
 b - a potion of haste {unknown}
 j - a potion of magic {unknown}
 l - a potion of flight {unknown}
 r - a potion of degeneration {unknown}
 t - a potion of mutation {unknown}
 v - a potion of ambrosia {unknown}
 x - a potion of lignification {unknown}
Comestibles
 c - 7 rations


   Skills:
 * Level 4.6 Fighting
 + Level 2.9 Polearms
 - Level 1.7 Armour
 - Level 0.8 Dodging
 + Level 4.1 Invocations


You had 4 spell levels left.
You didn't know any spells.
Your spell library was empty.

Dungeon Overview and Level Annotations

Branches:
Dungeon (4/15)
 Temple: D:4-7

Altars:
Ashenzari
Elyvilon
Xom
Yredelemnul


Innate Abilities, Weirdness & Mutations

You have hoof-like feet.
A weak demonic guardian rushes to your aid.
You regenerate a little health from kills.


Message History

Something you can't see is in the way.
You miss something. Something hits you but does no damage.
You hit something. Your kick misses something.
You hear some strange, mumbled words.
You are confused.
You bump into the rock wall.
You hear some strange, mumbled words.
Something tries to affect you, but you resist.
The orc priest mumbles some strange prayers to Beogh against you.
Beogh smites you!
* * * LOW HITPOINT WARNING * * *
You bump into the rock wall.
You hear some strange, mumbled words.
A magic dart appears from out of thin air!
The magic dart hits you but does no damage.
Unknown command.
You bump into the rock wall.
Something hits you but does no damage.
The orc priest invokes the aid of Beogh against you.
Beogh smites you!
You die...

+..........
......... o......
..... ... #)# #o#
#{# ##@##
########.5.##
............####
######.........#
.......####.#####.
###...............#
#.....###.#######
##...## #.#
.####...####.#


You could see an orc priest and a friendly quasit.

Vanquished Creatures
  Terence (D:3)
  Natasha (twice) (D:2)
  A hound skeleton (D:4)
  An adder (D:2)
  An ooze (D:2)
  A leopard gecko (D:2)
  3 orcs (D:3)
  A ball python (D:1)
  4 giant cockroaches
  6 goblins
  4 hobgoblins
  3 jackals (D:3)
  8 bats
  2 frilled lizards
  A jackal skeleton (D:4)
  9 kobolds
  2 rats
50 creatures vanquished.

Vanquished Creatures (collateral kills)
  2 orcs (D:4)
2 creatures vanquished.

Grand Total: 52 creatures vanquished

Notes
Turn   | Place    | Note
-------+----------+-------------------------------------------
     0 | Abyss:1  | Erlindor the Demonspawn Abyssal Knight began the quest for
                  | the Orb.
     0 | Abyss:1  | Reached XP level 1. HP: 18/18 MP: 2/2
    50 | Abyss:1  | Noticed a ynoxinul
    55 | D:1      | Escaped the Abyss
   393 | D:1      | Gained mutation: You regenerate a little health from kills.
                  | [demonic ancestry]
   393 | D:1      | Reached XP level 2. HP: 24/24 MP: 4/4
   750 | D:2      | Found a white marble altar of Elyvilon.
   754 | D:2      | Reached * piety under Lugonu
  1038 | D:2      | Found a shattered altar of Ashenzari.
  1039 | D:2      | Found a basalt altar of Yredelemnul.
  1039 | D:2      | Found a shimmering altar of Xom.
  1040 | D:2      | Found a white marble altar of Elyvilon.
  1057 | D:2      | Gained mutation: You have large cloven feet. [demonic
                  | ancestry]
  1057 | D:2      | Reached XP level 3. HP: 21/29 MP: 5/5
  1442 | D:2      | Noticed Natasha
  1452 | D:2      | Killed Natasha
  1600 | D:2      | Gained mutation: You have hoof-like feet. [demonic
                  | ancestry]
  1600 | D:2      | Reached XP level 4. HP: 37/37 MP: 6/6
  1760 | D:2      | Noticed Natasha
  1764 | D:2      | Killed Natasha
  1974 | D:3      | Noticed Terence
  2004 | D:3      | Killed Terence
  2004 | D:3      | Gained mutation: A weak demonic guardian rushes to your
                  | aid. [demonic ancestry]
  2004 | D:3      | Reached XP level 5. HP: 39/43 MP: 6/8
  2511 | D:4      | Killed from afar by an orc priest

Levels and vault maps discovered:
D:1:      dpeg_arrival_water_temple_mockup, layout_rooms
D:2:      layout_basic, chequers_temple_overflow_statue_of_worship,
          elyvilon_altar_5, uniq_natasha
D:3:      layout_basic, uniq_terence
D:4:      layout_loops_corners, nicolae_overflow_crystal_walls

Skill      XL: |  1  2  3  4 |
---------------+-------------+-----
Polearms       | 2 |  2.9
Invocations    | 3 4 |  4.1
Fighting       | 4 |  4.6
Armour         | |  1.7
Dodging        | |  0.8

Action                   |  1- 3 |  4- 6 || total
-------------------------+-------+-------++-------
Melee: Spear             |    93 |    84 ||   177
       Kick              |     9 |    22 ||    31
Throw: Stone             |    23 |     3 ||    26
Invok: Depart the Abyss  |     1 |       ||     1
  Eat: Chunk             |     2 |     2 ||     4
Armor: Leather armour    |    24 |     1 ||    25
       Scale mail        |       |    14 ||    14
       Chain mail        |       |    22 ||    22
Dodge: Dodged            |    47 |    21 ||    68

Table legend:
 A = Non-vault XP
 B = Vault XP
 C = Vault XP percentage of total XP
 D = Non-vault monster count
 E = Vault monster count
 F = Vault count percentage of total count
                 A         B        C        D         E       F
            +---------+---------+-------+---------+---------+-------
      Total |     158 |      73 |  31.6 |      50 |       2 |   3.8
            +---------+---------+-------+---------+---------+-------
        D:1 |      20 |       0 |   0.0 |      13 |       0 |   0.0
        D:2 |      80 |      35 |  30.4 |      17 |       1 |   5.6
        D:3 |      33 |      38 |  53.5 |      16 |       1 |   5.9
        D:4 |      25 |       0 |   0.0 |       4 |       0 |   0.0
            +---------+---------+-------+---------+---------+-------
